 Dungeon Crawl Stone Soup version 0.30.0-17-ge0270778cf (webtiles) character file.

Game seed: 3981433243276980672

683 SleepySteel the Trooper (level 7, -6/100 (108) HPs)
             Began as a Naga Monk on May 21, 2023.
             Was a Believer of Makhleb.
             Mangled by an ogre
             ... wielding a +0 giant spiked club
              (8 damage)
             ... on level 5 of the Dungeon.
             The game lasted 00:18:07 (4722 turns).

SleepySteel the Trooper (Naga Monk)                 Turns: 4722, Time: 00:18:14

HP:   -6/100 (108)  AC: 23    Str: 16    XL:     7   Next: 61%
MP:   0/11          EV:  1    Int: 10    God:    Makhleb [**....]
Gold: 267           SH:  0    Dex: 13    Spells: 6/6 levels left

rFire   + . .        c - +2 mace "Uheojefoif" {heavy, rElec}
rCold   + . .        (no shield)
rNeg    . . .        C - melded +0 chain mail
rPois   +            (helmet currently unavailable)
rElec   +            (cloak currently unavailable)
rCorr   +            y - melded +0 pair of gloves "Diawi" {rElec rN+ Int+2}
SInv    +            (no barding)
Will    .....        w - amulet of guardian spirit
Stlth   +            (no ring)
HPRegen 0.36/turn    (no ring)
MPRegen 0.12/turn

%: guardian spirit
@: brilliant, tree-form, resistant, drained, invisible
A: stationary, stasis, torment immunity, boosted hp, AC +2, large, see
invisible, (deformed body), (poison resistance), (slowness 2), spit poison 1,
(naga tail 1)
a: Spit Poison, Renounce Religion, Minor Destruction


You were on level 5 of the Dungeon.
You worshipped Makhleb.
Makhleb was pleased with you.
You were a tree.
You visited 1 branch of the dungeon, and saw 5 of its levels.

You collected 293 gold pieces.
You spent 26 gold pieces at shops.

Inventory:

Hand Weapons
 a - a +0 mace
 c - the +2 mace "Uheojefoif" (weapon) {heavy, rElec}
   (You found it on level 4 of the Dungeon)

   rElec:     It insulates you from electricity.
 v - a +1 dagger of protection
 z - a +0 flail
Missiles
 r - 42 stones
 M - 2 boomerangs
Armour
 b - a +0 robe
 d - an orb of light
 h - a +0 scale mail
 o - the +1 Delatra's gloves {ID++}
   (You found it on level 3 of the Dungeon)

   ID++:      It heals its wearer when they drink unknown potions, and restores
   their MP when they read unknown scrolls.
 y - the +0 pair of gloves "Diawi" (melded) {rElec rN+ Int+2}
   (You found it on level 3 of the Dungeon)

   Int:       It affects your intelligence (+2).
   rElec:     It insulates you from electricity.
   rN:        It protects you from negative energy.
 C - a +0 chain mail (melded)
 I - an orb of energy
Magical Staves
 f - a staff of air
Jewellery
 w - an amulet of guardian spirit (around neck)
Wands
 A - a wand of flame (23)
 D - a wand of iceblast (2)
 G - a wand of quicksilver (9)
Scrolls
 g - 2 scrolls of fog {unknown}
 i - 2 scrolls of teleportation {unknown}
 k - 2 scrolls of poison {unknown}
 l - a scroll of acquirement {unknown}
 p - a scroll of amnesia {unknown}
 q - 4 scrolls of fear {unknown}
 s - a scroll of immolation {unknown}
 t - a scroll of blinking {unknown}
 B - a scroll of brand weapon {unknown}
 E - 3 scrolls of identify
Potions
 e - a potion of attraction
 j - a potion of magic
 n - a potion of heal wounds {unknown}
 u - a potion of flight
 x - a potion of degeneration {unknown}
 L - a potion of haste {unknown}
 N - a potion of berserk rage {unknown}


   Skills:
 - Level 7.0 Fighting
 - Level 3.0 Maces & Flails
 - Level 2.4 Dodging
 * Level 5.3 Invocations


You had 6 spell levels left.
You didn't know any spells.
Your spell library contained the following spells:

 Spells                   Type           Power      Damage    Failure   Level
 Cigotuvi's Dreadful Rot  Necr/Pois/Air  0%         N/A       50%         2
 Lesser Beckoning         Tloc           0%         N/A       50%         2
 Gell's Gravitas          Tloc           0%         N/A       75%         3
 Ignite Poison            Fire/Tmut/Pois 0%         N/A       75%         3
 Inner Flame              Hex/Fire       0%         N/A       75%         3
 Teleport Other           Tloc           0%         N/A       75%         3
 Flame Wave               Conj/Fire      0%         2d4       98%         4
 Sticky Flame             Conj/Fire      0%         2d3       98%         4
 Freezing Cloud           Conj/Ice/Air   0%         6-21      100%        5


Dungeon Overview and Level Annotations

Branches:
Dungeon (5/15)
 Temple: D:4-7

Altars:
Elyvilon
Makhleb

Shops:
D:3 ?


Innate Abilities, Weirdness & Mutations

You are a tree.
Your roots penetrate the ground, keeping you stationary.
You cannot be teleported.
You are immune to unholy pain and torment.
Your maximum health is greatly increased.
Your equipment is partially melded.
((Your serpentine skin is tough. (AC +2)))
You have supernaturally acute eyesight. (SInv)
((Armour fits poorly on your strangely shaped body.))
((Your system is resistant to poisons. (rPois)))
((You cover ground very slowly.))
You can spit poison.
((You have a snake-like lower body.))


Message History

* * * LOW HITPOINT WARNING * * *
Really quaff the potion of lignification?
You turn into a tree.
The +0 pair of gloves "Diawi" {rElec rN+ Int+2} melds into your body.
Your +0 chain mail melds into your body.
Your roots penetrate the ground.
The orc hits you with a +2 flail of draining.
* * * LOW HITPOINT WARNING * * *
You feel drained. The orc hits you but does no damage.
The ogre hits you but does no damage.
The sleepcap releases spores at you but does no damage.
Unknown command.
Okay, then.
Okay, then.
It was a potion of magic.
Magic courses through your body. The orc hits you but does no damage.
You feel drained. The orc hits you but does no damage. x2
The orc wizard mumbles some strange words.
The orc wizard flickers and vanishes for a moment.
The sleepcap releases spores at you but does no damage.
The ogre hits you with a +0 giant spiked club.
* * * LOW HITPOINT WARNING * * *
Unknown command.
It was a potion of brilliance.
You feel clever all of a sudden. The orc hits you but does no damage.
The sleepcap releases spores at you.
It was a potion of resistance.
You feel protected. The orc hits you but does no damage.
The ogre hits you with a +0 giant spiked club.
* * * LOW HITPOINT WARNING * * *
The sleepcap releases spores at you.
* * * LOW HITPOINT WARNING * * *
It was a potion of invisibility.
You fade into invisibility!
The orc hits you but does no damage.
You feel drained. The orc hits you but does no damage.
The sleepcap releases spores at you but does no damage.
The ogre hits you with a +0 giant spiked club!
You die...

##.##.#...#........#
##......#...........#
#.....###............
...#.....## ...#..
#..
..........##..##..
#.. ...####.......#
.... ## ##.###.###
.... ##.....### ...
#.o♣o....# ...
#.fOo......[ ..
.....o........ .
...#.........#.. ..
#............ .
#..........##
##.........#
..##.......


You could see an ogre (unable to see you), a sleepcap (unable to see you), an
orc wizard (invisible, unable to see you) and 3 orcs.

Vanquished Creatures
  Grinder (D:4)
  A phantom (D:4)
  A scorpion (D:4)
  A hound (D:4)
  A jelly (D:5)
  An orc priest (D:4)
  Jessica (D:3)
  An iguana (D:4)
  Terence (D:3)
  2 orc wizards
  4 adders
  A gnoll (D:1)
  A worm (D:5)
  3 dart slugs
  7 orcs
  10 ball pythons
  3 bats
  9 endoplasms
  4 giant cockroaches
  6 hobgoblins
  7 jackals
  6 quokkas
  4 frilled lizards
  9 goblins
  7 kobolds
  3 rats
95 creatures vanquished.

Notes
Turn   | Place    | Note
-------+----------+-------------------------------------------
     0 | D:1      | SleepySteel the Naga Monk began the quest for the Orb.
     0 | D:1      | Reached XP level 1. HP: 21/21 MP: 1/1
   124 | D:1      | Reached XP level 2. HP: 24/28 MP: 2/2
   210 | D:1      | Reached skill level 4 in Fighting
   413 | D:1      | Reached XP level 3. HP: 33/36 MP: 3/3
  1089 | D:2      | Found a burning altar of Makhleb.
  1241 | D:2      | Reached XP level 4. HP: 45/45 MP: 4/4
  1403 | D:2      | Reached skill level 5 in Fighting
  1934 | D:3      | Identified the +0 pair of gloves "Diawi" {rElec rN+ Int+2}
  2002 | D:3      | Noticed Terence
  2010 | D:3      | Killed Terence
  2027 | D:3      | Reached XP level 5. HP: 52/52 MP: 5/5
  2116 | D:3      | Noticed Jessica
  2130 | D:3      | Killed Jessica
  2239 | D:3      | Found Heynwoj's Magic Scroll Emporium.
  2247 | D:3      | Bought a scroll of identify for 26 gold pieces
  2326 | D:3      | Reached skill level 6 in Fighting
  2406 | D:3      | Found the +1 Delatra's gloves {ID++}
  3370 | D:4      | Found a white marble altar of Elyvilon.
  3380 | D:4      | Reached XP level 6. HP: 59/63 MP: 4/6
  3449 | D:2      | Became a worshipper of Makhleb the Destroyer
  3449 | D:2      | Reached * piety under Makhleb
  3449 | D:2      | Reached ** piety under Makhleb
  3640 | D:4      | Noticed Grinder
  3684 | D:4      | Paralysed by Grinder for 5 turns
  3692 | D:4      | Paralysed by Grinder for 3 turns
  3699 | D:4      | Killed Grinder
  3700 | D:4      | Reached skill level 7 in Fighting
  3870 | D:4      | Reached XP level 7. HP: 48/72 MP: 6/9
  3987 | D:4      | Identified the +2 mace "Uheojefoif" {heavy, rElec}
  4534 | D:5      | Entered Level 5 of the Dungeon
  4534 | D:5      | Noticed a yak
  4534 | D:5      | Noticed a yak
  4550 | D:5      | Noticed a yak
  4550 | D:5      | Noticed a yak
  4571 | D:4      | Reached skill level 5 in Invocations
  4716 | D:5      | HP: 2/72 [ogre/+0 giant spiked club (27)]
  4721 | D:5      | HP: 3/102 [ogre/+0 giant spiked club (1)]
  4721 | D:5      | HP: 1/102 [sleepcap (2)]
  4722 | D:5      | Mangled by an ogre

Illustrated notes

Levels and vault maps discovered:
D:1:      spicycebolla_arrival_clurvy, layout_basic
D:2:      layout_basic, basic_altar, minivault_5, grunt_ministairs_4
D:3:      layout_basic, serial_shops, shop, pf_guarded_unrand_delatra,
          uniq_jessica, uniq_terence
D:4:      layout_loops_ring, elyvilon_altar_1, kennysheep_nondescript,
          nrook_campfire, kennysheep_orc_chapel, uniq_grinder
D:5:      layout_cave_pools, nicolae_overflow_hidden_temple, grunt_ministairs_6,
          uniq_duvessa, uniq_blork_the_orc

Skill      XL: |  1  2  3  4  5  6  7 |
---------------+----------------------+-----
Fighting       | 4 5 6 7 |  7.0
Invocations    | 3 5 |  5.3
Maces & Flails | |  3.0
Dodging        | |  2.4

Action                     |  1- 3 |  4- 6 |  7- 9 || total
---------------------------+-------+-------+-------++-------
  Melee: Mace              |   128 |   125 |    37 ||   290
         Punch             |     3 |     3 |       ||     6
 Invoke: Minor Destruction |       |       |     8 ||     8
Ability: Spit Poison       |     7 |    44 |     8 ||    59
    Use: Scroll            |       |     3 |       ||     3
         Potion            |       |     3 |     6 ||     9
 Armour: Robe              |    53 |     7 |       ||    60
         Scale mail        |       |    17 |       ||    17
         Chain mail        |       |    23 |    25 ||    48
         Skin              |       |     1 |    12 ||    13
  Dodge: Dodged            |    90 |    55 |    10 ||   155
